 Dungeon Crawl Stone Soup version 0.32-a0-975-g85d4e5bfdb (webtiles) character file.

Game seed: 7574930753053738566

298 Fodor the Covered (level 6, -1/58 HPs)
             Began as a Minotaur Fighter on Apr 19, 2024.
             Slain by Pikel
             ... wielding a +1 whip of flaming
              (5 damage)
             ... on level 4 of the Dungeon.
             The game lasted 00:05:35 (2015 turns).

Fodor the Covered (Minotaur Fighter)                Turns: 2015, Time: 00:05:36

Health: -1/58      AC:  8    Str: 28    XL:     6   Next: 13%
Magic:  14/14      EV:  9    Int:  3    God:
Gold:   214        SH:  4    Dex:  9    Spells: 5/5 levels left

rFire   . . .        r - +6 trident of Taxation {holy, ^Contam MP+9 Str+5}
rCold   . . .        c - +0 buckler
rNeg    + . .        b - +0 scale mail
rPois   .            (helmet restricted)
rElec   .            (no cloak)
rCorr   .            (no gloves)
SInv    .            f - +0 pair of boots
Will    .....        (no amulet) Stlth
                     u - ring of positive energy
HPRegen 0.29/turn    (no ring)
MPRegen 0.14/turn

%: no passive effects
@: no status effects
A: horns 2, retaliatory headbutt, dopey 1, robust 1
a: no special abilities


You were on level 4 of the Dungeon.
You visited 1 branch of the dungeon, and saw 4 of its levels.

You collected 214 gold pieces.

Inventory:

Hand Weapons
 a - a +0 war axe
 k - a +0 sling
 r - the +6 trident of Taxation (weapon) {holy, ^Contam MP+9 Str+5}
   (You found it on level 2 of the Dungeon)

   Str+5:     It affects your strength (+5).
   MP+9:      It affects your magic capacity (+9).
   ^Contam:   It causes magical contamination when unequipped.
Armour
 b - a +0 scale mail (worn)
 c - a +0 buckler (worn)
 f - a +0 pair of boots (worn)
Jewellery
 u - a ring of positive energy (left hand)
 v - an amulet of regeneration
Talismans
 g - a flux talisman
 x - a blade talisman
Wands
 q - a wand of flame (21)
 z - a wand of iceblast (5)
Scrolls
 e - a scroll of immolation {unknown}
 h - a scroll of fear {unknown}
 i - 4 scrolls of identify {unknown}
 j - 3 scrolls of revelation {unknown}
 l - 4 scrolls of amnesia {unknown}
 y - a scroll of teleportation {unknown}
Potions
 d - a potion of might
 m - a potion of haste {unknown}
 n - 2 potions of mutation
 o - 2 potions of attraction {unknown}
 p - a potion of degeneration {unknown}
 s - a potion of heal wounds {unknown}
 t - a potion of curing {unknown}
 w - 2 potions of berserk rage {unknown}


   Skills:
 + Level 4.5 Fighting
 + Level 3.6(4.3) Axes
 + Level 3.5(4.3) Polearms
 + Level 5.1 Armour
 + Level 1.1 Dodging
 + Level 0.1 Stealth
 + Level 4.7 Shields


You had 5 spell levels left.
You didn't know any spells.
Your spell library contained the following spells:

 Spells                   Type           Power      Damage    Failure   Level
 Kiss of Death            Conj/Necr      0%         2d5       83%         1
 Shock                    Conj/Air       0%         1d3       83%         1
 Confusing Touch          Hex            0%         N/A       99%         3
 Swiftness                Air            0%         N/A       99%         3
 Airstrike                Air            0%         2d(0-16)  100%        4
 Dispel Undead            Necr           0%         3d6       100%        4


Dungeon Overview and Level Annotations

Branches:
Dungeon (4/15)
 Temple: D:4-7

Altars:
Dithmenos

Annotations:
D:4 Pikel


Innate Abilities, Weirdness & Mutations

You have a pair of horns on your head.
You reflexively headbutt those who attack you in melee.
You are dopey. (Int -2)
You are robust. (+10% HP)


Message History

The lemure moves out of view.
The lemure shouts!
Pikel hits you with a +1 whip of flaming!
Pikel burns you.
A lemure comes into view.
You closely miss Pikel. Pikel barely misses you.
You puncture Pikel! Your headbutt misses Pikel.
Pikel is lightly wounded.
You block Pikel's attack.
You barely miss Pikel.
Pikel is lightly wounded.
Pikel hits you but does no damage. The lemure hits you.
The lemure hits you but does no damage. You block Pikel's attack.
The lemure hits you. x2
You hit Pikel but do no damage. You headbutt Pikel.
Pikel is moderately wounded.
Pikel hits you with a +1 whip of flaming.
Pikel burns you. The lemure completely misses you.
You block the lemure's attack.
You barely miss Pikel.
Pikel is moderately wounded.
Pikel hits you with a +1 whip of flaming!
Pikel burns you. The lemure hits you but does no damage. The lemure hits you.
* * * LOW HITPOINT WARNING * * *
You puncture Pikel! You headbutt Pikel.
Pikel is severely wounded.
Pikel hits you with a +1 whip of flaming.
* * * LOW HITPOINT WARNING * * *
Pikel burns you.
* * * LOW HITPOINT WARNING * * *
The lemure hits you.
* * * LOW HITPOINT WARNING * * *
The lemure hits you but does no damage.
Okay, then.
It was a potion of mutation.
You feel extremely strange.
You feel robust.
You feel stupid.
Pikel cracks his whip.
Pikel hits you with a +1 whip of flaming.
You die...
Pikel says, "See you in Hell!"

#....... ###. ######..
..... ### ##.. .....
...# #... ...... ##
....# #.#. ...... .#
##...###.#. ......##5
.........## ......5K#
#........# ......5@##
.##..#...... ......#..#
..#......###
.......#.####.#.###.....
###......(.##.#.##...##>
###.##...##.#.##.#....
#..............##..#
#...........######.#
#...............##..
#...................


You could see Pikel and 3 lemures.

Vanquished Creatures
  A scorpion (D:4)
  A bombardier beetle (D:3)
  An iguana (D:4)
  Natasha (thrice) (D:3)
  5 adders
  2 ribbon worms (D:2)
  A dart slug (D:1)
  An orc (D:3)
  5 endoplasms
  3 giant cockroaches
  A goblin (D:3)
  6 hobgoblins
  6 jackals
  A quokka (D:1)
  6 ball pythons
  8 bats
  A frilled lizard (D:2)
  3 kobolds
  3 rats
58 creatures vanquished.

Notes
Turn   | Place    | Note
-------+----------+-------------------------------------------
     0 | D:1      | Fodor the Minotaur Fighter began the quest for the Orb.
     0 | D:1      | Reached XP level 1. HP: 19/19 MP: 0/0
   426 | D:2      | Reached XP level 2. HP: 26/27 MP: 1/1
   438 | D:2      | Reached skill level 4 in Armour
   511 | D:2      | Reached XP level 3. HP: 30/33 MP: 2/2
   741 | D:2      | Identified the +6 trident of Taxation {holy, ^Contam MP+9
                  | Str+5}
   990 | D:3      | Reached XP level 4. HP: 15/41 MP: 3/3
  1131 | D:3      | Found a shadowy altar of Dithmenos.
  1171 | D:3      | Reached skill level 1 in Polearms
  1661 | D:3      | Noticed Natasha
  1664 | D:3      | Killed Natasha
  1665 | D:3      | Reached XP level 5. HP: 47/47 MP: 4/4
  1719 | D:3      | Noticed Natasha
  1729 | D:3      | Killed Natasha
  1791 | D:3      | Noticed Natasha
  1797 | D:3      | Killed Natasha
  1837 | D:4      | Reached skill level 1 in Dodging
  1871 | D:4      | Reached skill level 5 in Armour
  1969 | D:4      | Reached XP level 6. HP: 53/53 MP: 5/5
  2007 | D:4      | Noticed Pikel
  2015 | D:4      | Gained mutation: You are robust. (+10% HP) [potion of
                  | mutation]
  2015 | D:4      | Gained mutation: You are dopey. (Int -2) [potion of
                  | mutation]
  2015 | D:4      | Slain by Pikel

Illustrated notes

Levels and vault maps discovered:
D:1:      scummos_arrival_hexagon, layout_basic, columned_hall_lemuel
D:2:      layout_rooms
D:3:      layout_basic, nicolae_dithmenos_shadow_blocks, uniq_natasha
D:4:      layout_rooms, kennysheep_little_box, uniq_pikel

Skill      XL: |  1  2  3  4  5 |
---------------+----------------+-----
Armour         | 4 5 |  5.1
Fighting       | 4 |  4.5
Shields        | 4 |  4.7
Axes           | 3 |  3.6
Polearms       | 2 3 |  3.5
Dodging        | 1 |  1.1
Stealth        | |  0.1

Action                     |  1- 3 |  4- 6 || total
---------------------------+-------+-------++-------
  Melee: War axe           |    65 |       ||    65
         Headbutt          |     8 |     8 ||    16
         Trident           |     5 |    68 ||    73
    Use: Potion            |       |     1 ||     1
 Armour: Scale mail        |    74 |    61 ||   135
  Dodge: Dodged            |    41 |    42 ||    83
  Block: Buckler           |    18 |    20 ||    38

Table legend: (Time is in decaauts)
 A = Elapsed time spent in this place.
 B = Non-inter-level travel time spent in this place.
 C = Inter-level travel time spent in this place.
 D = Time resting spent in this place.
 E = Time spent auto-exploring this place.
 F = Levels seen in this place.
 G = Mean time per level.
                   A        B        C        D        E       F      G
               +--------+--------+--------+--------+--------+-----+--------+
         Total |   2058 |   2035 |     23 |    124 |   1141 |   4 |  514.5 |
       Dungeon |   2058 |   2035 |     23 |    124 |   1141 |   4 |  514.5 |
               +--------+--------+--------+--------+--------+-----+--------+

Top non-repeatable levels by time:
     D:3: 908 daAuts
     D:2: 535 daAuts
     D:1: 428 daAuts
     D:4: 186 daAuts
